A- WEST
LAKE ELSINORE STORM @ FRESNO GRIZZLIES
05/04/2042
 
TOP OF THE 1ST
Lake Elsinore Storm batting - Pitching for Fresno Grizzlies : RHP Joel Hollands
Pitching: RHP Joel Hollands
Batting: RHB Álex Herrera 0-0: Called Strike
0-1: Called Strike
0-2: Ball
1-2: Ball
2-2: Ground out 4-3 (Groundball, 34, EV 86.9 MPH)
Batting: LHB Juan Fernández 0-0: Ball
1-0: SINGLE (Groundball, 5S, EV 70.6 MPH) (infield hit)
Batting: RHB Bob Parks 0-0: Grounds into double play, 5-4-3 (Groundball, 56, EV 103.1 MPH)
Top of the 1st over - 0 runs, 1 hit, 0 errors, 0 left on base; Lake Elsinore 0 - Fresno 0
BOTTOM OF THE 1ST
Fresno Grizzlies batting - Pitching for Lake Elsinore Storm : LHP Jerry Travis
Pitching: LHP Jerry Travis
Batting: RHB Juan Colón 0-0: Ball
1-0: Foul Ball, location: 9LSF
1-1: Ball
2-1: Ball
3-1: Ground out 6-3 (Groundball, 6, EV 90.6 MPH)
Batting: RHB Jimmy Tessier 0-0: Ball
1-0: Called Strike
1-1: Ground out 6-3 (Groundball, 6S, EV 84.4 MPH)
Batting: RHB Aurelio González 0-0: Called Strike
0-1: Swinging Strike
0-2: Ball
1-2: Strikes out looking
Bottom of the 1st over - 0 runs, 0 hits, 0 errors, 0 left on base; Lake Elsinore 0 - Fresno 0
TOP OF THE 2ND
Lake Elsinore Storm batting - Pitching for Fresno Grizzlies : RHP Joel Hollands
Batting: LHB Rory Lowe 0-0: Ground out 4-3 (Groundball, 4, EV 78.8 MPH)
Batting: SHB Ken Chapman 0-0: Fly out, F8 (Flyball, 8LM, EV 94.4 MPH)
Batting: RHB Bo Sanders 0-0: Ball
1-0: Swinging Strike
1-1: Ball
2-1: Foul Ball, location: 25F
2-2: Ball
3-2: SINGLE (Line Drive, 9LM, EV 101.9 MPH)
Batting: SHB Tim McCoy 0-0: Fly out, F8 (Flyball, 78XD, EV 98.8 MPH)
Top of the 2nd over - 0 runs, 1 hit, 0 errors, 1 left on base; Lake Elsinore 0 - Fresno 0
BOTTOM OF THE 2ND
Fresno Grizzlies batting - Pitching for Lake Elsinore Storm : LHP Jerry Travis
Batting: LHB Luis Solís 0-0: Ball
1-0: Ball
2-0: Called Strike
2-1: Foul Ball, location: 7LSF
2-2: Foul Ball, location: 2F
2-2: Strikes out swinging
Batting: RHB Brendan Hayes 0-0: Ball
1-0: Called Strike
1-1: Ball
2-1: Reached via error on a dropped throw from P, E3 (Groundball, 34S, EV 66.9 MPH)
Batting: RHB Cipriano Costello 0-0: Ball
1-0: Fly out, F3 (Popup, 3SF, EV 70.6 MPH)
Batting: LHB Ken Davis 0-0: Ball
1-0: Ball
Brendan Hayes is caught stealing 2nd base 2-6
Bottom of the 2nd over - 0 runs, 0 hits, 1 error, 0 left on base; Lake Elsinore 0 - Fresno 0
TOP OF THE 3RD
Lake Elsinore Storm batting - Pitching for Fresno Grizzlies : RHP Joel Hollands
Batting: RHB Arturo Gonzáles 0-0: Fly out, F3 (Popup, 3S, EV 70.0 MPH)
Batting: RHB Luis Moreno 0-0: Ball
1-0: Ball
2-0: Swinging Strike
2-1: Called Strike
2-2: Strikes out swinging
Batting: RHB Álex Herrera 0-0: Called Strike
0-1: Called Strike
0-2: Strikes out swinging
Top of the 3rd over - 0 runs, 0 hits, 0 errors, 0 left on base; Lake Elsinore 0 - Fresno 0
BOTTOM OF THE 3RD
Fresno Grizzlies batting - Pitching for Lake Elsinore Storm : LHP Jerry Travis
Batting: LHB Ken Davis 0-0: Ball
1-0: Foul Ball, location: 7LMF
1-1: Foul Ball, location: 9LMFF
1-2: Ball
2-2: Ball
3-2: Strikes out swinging
Batting: RHB José Gallegos 0-0: Foul Ball, location: 3SF
0-1: SINGLE (Groundball, 4MD, EV 100.6 MPH)
Batting: RHB Stan Holt 0-0: Foul Ball, location: 23F
0-1: Foul Ball, location: 9LMF
0-2: Strikes out swinging
Batting: RHB Juan Colón 0-0: Ball
1-0: Foul Ball, location: 3SF
1-1: Ball
2-1: Called Strike
2-2: Strikes out looking
Bottom of the 3rd over - 0 runs, 1 hit, 0 errors, 1 left on base; Lake Elsinore 0 - Fresno 0
TOP OF THE 4TH
Lake Elsinore Storm batting - Pitching for Fresno Grizzlies : RHP Joel Hollands
Batting: LHB Juan Fernández 0-0: Called Strike
0-1: SINGLE (Groundball, 34, EV 98.1 MPH) (infield hit)
Batting: RHB Bob Parks 0-0: Grounds into double play, 6-4-3 (Groundball, 6, EV 86.3 MPH)
Batting: LHB Rory Lowe 0-0: Ball
1-0: Ground out 3-1 (Groundball, 34S, EV 81.3 MPH)
Top of the 4th over - 0 runs, 1 hit, 0 errors, 0 left on base; Lake Elsinore 0 - Fresno 0
BOTTOM OF THE 4TH
Fresno Grizzlies batting - Pitching for Lake Elsinore Storm : LHP Jerry Travis
Batting: RHB Jimmy Tessier 0-0: Foul Ball, location: 2F
0-1: Swinging Strike
0-2: Foul Ball, location: 9LMF
0-2: Ball
1-2: Strikes out swinging
Batting: RHB Aurelio González 0-0: Ball
1-0: Ball
2-0: Ball
3-0: Base on Balls
Batting: LHB Luis Solís 0-0: Called Strike
0-1: Called Strike
0-2: Ball
1-2: Foul Ball, location: 2F
1-2: Foul Ball, location: 2F
1-2: Grounds into double play, 3-6-1 (Groundball, 3, EV 92.5 MPH)
Bottom of the 4th over - 0 runs, 0 hits, 0 errors, 0 left on base; Lake Elsinore 0 - Fresno 0
TOP OF THE 5TH
Lake Elsinore Storm batting - Pitching for Fresno Grizzlies : RHP Joel Hollands
Batting: SHB Ken Chapman 0-0: Ball
1-0: Fly out, F7 (Flyball, 78M, EV 75.6 MPH)
Batting: RHB Bo Sanders 0-0: Foul Ball, location: 3F
0-1: Called Strike
0-2: Strikes out swinging
Batting: SHB Tim McCoy 0-0: Swinging Strike
0-1: Ball
1-1: Swinging Strike
1-2: Strikes out looking
Top of the 5th over - 0 runs, 0 hits, 0 errors, 0 left on base; Lake Elsinore 0 - Fresno 0
BOTTOM OF THE 5TH
Fresno Grizzlies batting - Pitching for Lake Elsinore Storm : LHP Jerry Travis
Batting: RHB Brendan Hayes 0-0: Ball
1-0: Ground out 5-3 (Groundball, 5S, EV 64.4 MPH)
Batting: RHB Cipriano Costello 0-0: Ball
1-0: Called Strike
1-1: Foul Ball, location: 3SF
1-2: Ground out U3 (Groundball, 34, EV 101.9 MPH)
Batting: LHB Ken Davis 0-0: Ground out 5-3 (Groundball, 56, EV 70.0 MPH)
Bottom of the 5th over - 0 runs, 0 hits, 0 errors, 0 left on base; Lake Elsinore 0 - Fresno 0
TOP OF THE 6TH
Lake Elsinore Storm batting - Pitching for Fresno Grizzlies : RHP Joel Hollands
Batting: RHB Arturo Gonzáles 0-0: Called Strike
0-1: Called Strike
0-2: Foul Ball, location: 9LDF
0-2: Fly out, F9 (Flyball, 89M, EV 97.5 MPH)
Batting: RHB Luis Moreno 0-0: Ball
1-0: Called Strike
1-1: Called Strike
1-2: Strikes out swinging
Batting: RHB Álex Herrera 0-0: Swinging Strike
0-1: Ball
1-1: Ball
2-1: Swinging Strike
2-2: Ball
3-2: Foul Ball, location: 5F
3-2: Strikes out swinging
Top of the 6th over - 0 runs, 0 hits, 0 errors, 0 left on base; Lake Elsinore 0 - Fresno 0
BOTTOM OF THE 6TH
Fresno Grizzlies batting - Pitching for Lake Elsinore Storm : LHP Jerry Travis
Batting: RHB José Gallegos 0-0: Ball
1-0: Foul Ball, location: 9LMF
1-1: Foul Ball, location: 2F
1-2: Strikes out swinging
Batting: RHB Stan Holt 0-0: Called Strike
0-1: Ground out 3-1 (Groundball, 34, EV 87.5 MPH)
Batting: RHB Juan Colón 0-0: Ball
1-0: Ball
2-0: Called Strike
2-1: Ground out 6-3 (Groundball, 6, EV 81.9 MPH)
Bottom of the 6th over - 0 runs, 0 hits, 0 errors, 0 left on base; Lake Elsinore 0 - Fresno 0
TOP OF THE 7TH
Lake Elsinore Storm batting - Pitching for Fresno Grizzlies : RHP Joel Hollands
Batting: LHB Juan Fernández 0-0: Called Strike
0-1: Ball
1-1: Ball
2-1: Ground out 6-3 (Groundball, 6, EV 105.6 MPH)
Batting: RHB Bob Parks 0-0: Foul Ball, location: 5SF
0-1: Ball
1-1: Ball
2-1: Ball
3-1: Ground out 6-3 (Groundball, 6, EV 98.8 MPH)
Batting: LHB Rory Lowe 0-0: Ball
1-0: Ball
2-0: Ball
3-0: Called Strike
3-1: Ground out 1-3 (Groundball, 13S, EV 66.9 MPH)
Top of the 7th over - 0 runs, 0 hits, 0 errors, 0 left on base; Lake Elsinore 0 - Fresno 0
BOTTOM OF THE 7TH
Fresno Grizzlies batting - Pitching for Lake Elsinore Storm : LHP Jerry Travis
Batting: RHB Jimmy Tessier 0-0: Ball
1-0: Called Strike
1-1: Ball
2-1: Called Strike
2-2: SINGLE (Line Drive, 89S, EV 110.6 MPH)
Pitching: RHP Jeff Martin
Batting: RHB Aurelio González 0-0: Swinging Strike
0-1: Bunt missed!
0-2: Ball
1-2: Strikes out swinging
Pinch Hitting: RHB Jeremy Collier 0-0: Foul Ball, location: 2F
0-1: Foul Ball, location: 2F
0-2: Ball
1-2: Ball
2-2: Strikes out swinging
Pinch Hitting: RHB Mauro Ramos 0-0: Ball
1-0: Swinging Strike
1-1: Swinging Strike
1-2: Strikes out swinging
Bottom of the 7th over - 0 runs, 1 hit, 0 errors, 1 left on base; Lake Elsinore 0 - Fresno 0
TOP OF THE 8TH
Lake Elsinore Storm batting - Pitching for Fresno Grizzlies : RHP Joel Hollands
Now at SS: Joe Shorrock
Now in LF: Mauro Ramos
Now in RF: Aurelio González
Batting: SHB Ken Chapman 0-0: Swinging Strike
0-1: Ball
1-1: Ball
2-1: Swinging Strike
2-2: Ball
3-2: Strikes out swinging, 2-3 out at first.
Batting: RHB Bo Sanders 0-0: Ball
1-0: Swinging Strike
1-1: Called Strike
1-2: Strikes out looking
Batting: SHB Tim McCoy 0-0: Swinging Strike
0-1: Foul Ball, location: 3F
0-2: Strikes out swinging
Top of the 8th over - 0 runs, 0 hits, 0 errors, 0 left on base; Lake Elsinore 0 - Fresno 0
BOTTOM OF THE 8TH
Fresno Grizzlies batting - Pitching for Lake Elsinore Storm : RHP Jeff Martin
Batting: RHB Cipriano Costello 0-0: SINGLE (Line Drive, 78S, EV 105.6 MPH)
Batting: LHB Ken Davis 0-0: Ball
1-0: Bunted foul
1-1: Ball
2-1: Sac Bunt to 13S - play at first, batter OUT! 1-3
Cipriano Costello to second
Pinch Hitting: RHB Bobby Cox 0-0: Intentional Walk
Pinch Hitting: RHB Ben Fish 0-0: Foul Ball, location: 5SF
0-1: Fly out, F8 (Flyball, 8RD, EV 90.6 MPH)
Pinch Hitting: RHB Kevin Hutchison 0-0: Ball
1-0: Swinging Strike
1-1: Foul Ball, location: 25F
1-2: Foul Ball, location: 5F
1-2: Foul Ball, location: 2F
1-2: Ball
2-2: Ball
3-2: Fly out, F7 (Flyball, 78S, EV 80.6 MPH)
Bottom of the 8th over - 0 runs, 1 hit, 0 errors, 2 left on base; Lake Elsinore 0 - Fresno 0
TOP OF THE 9TH
Lake Elsinore Storm batting - Pitching for Fresno Grizzlies : RHP Joel Hollands
Pitching: RHP Curt Whittier
Now at 1B: Bobby Cox
Now at 2B: Raúl Vázquez
Now in CF: Joe Morgan
Pinch Hitting: RHB Jorge García 0-0: Called Strike
0-1: Swinging Strike
0-2: Ball
1-2: Strikes out swinging
Pinch Hitting: LHB Tony Meléndez 0-0: Swinging Strike
0-1: Swinging Strike
0-2: Ball
1-2: Foul Ball, location: 7LMF
1-2: DOUBLE (Flyball, 7LD, EV 111.3 MPH)
Pinch Hitting: LHB Greg Moran 0-0: Intentional Walk
Pinch Hitting: SHB Jim Blackwell 0-0: Grounds into double play, 4-6-3 (Groundball, 4, EV 102.5 MPH)
Top of the 9th over - 0 runs, 1 hit, 0 errors, 1 left on base; Lake Elsinore 0 - Fresno 0
BOTTOM OF THE 9TH
Fresno Grizzlies batting - Pitching for Lake Elsinore Storm : RHP Jeff Martin
Now at C: Vic Stone
Now at 2B: Jorge García
Now at SS: Ben Mahle
Now in CF: Greg Moran
Batting: RHB Jimmy Tessier 0-0: Foul Ball, location: 9LSF
0-1: Fly out, F8 (Flyball, 8RD, EV 83.1 MPH)
Batting: RHB Aurelio González 0-0: Ball
1-0: Ball
2-0: Ball
3-0: Called Strike
3-1: Fly out, F7 (Flyball, 7, EV 91.3 MPH)
Batting: RHB Joe Shorrock 0-0: Foul Ball, location: 3F
0-1: Ball
1-1: Ground out 6-3 (Groundball, 6M, EV 99.4 MPH)
Bottom of the 9th over - 0 runs, 0 hits, 0 errors, 0 left on base; Lake Elsinore 0 - Fresno 0
TOP OF THE 10TH
Lake Elsinore Storm batting - Pitching for Fresno Grizzlies : RHP Curt Whittier
Batting: RHB Bob Parks 0-0: Ball
1-0: Called Strike
1-1: SINGLE (Line Drive, 78S, EV 102.5 MPH)
Batting: LHB Rory Lowe 0-0: Bunt missed!
0-1: Ball
1-1: Ball
2-1: Sac Bunt to P - play at second, runner OUT! 1-6
Pinch Hitting: LHB Claude Wagner 0-0: Called Strike
0-1: Ball
1-1: Ball
2-1: Foul Ball, location: 2F
2-2: Foul Ball, location: 2F
2-2: Foul Ball, location: 7LMF
2-2: Foul Ball, location: 2F
2-2: Ball
3-2: Fly out, F8 (Flyball, 8LD, EV 103.1 MPH)
Batting: RHB Bo Sanders 0-0: Called Strike
0-1: Ball
1-1: Fielders Choice at 2nd, 6-4 (Groundball, 6, EV 98.1 MPH)
Top of the 10th over - 0 runs, 1 hit, 0 errors, 1 left on base; Lake Elsinore 0 - Fresno 0
BOTTOM OF THE 10TH
Fresno Grizzlies batting - Pitching for Lake Elsinore Storm : RHP Jeff Martin
Pitching: RHP Doug Smith
Now at 3B: Chris Nichols
Batting: RHB Mauro Ramos 0-0: Called Strike
0-1: DOUBLE (Groundball, 5L, EV 104.4 MPH)
Batting: RHB Cipriano Costello 0-0: Intentional Walk
Batting: LHB Ken Davis 0-0: Bunted foul
0-1: Bunt missed!
0-2: Ball
1-2: Foul Ball, location: 25F
1-2: Ball
2-2: Ball
3-2: Foul Ball, location: 23FF
3-2: Base on Balls
Mauro Ramos to third
Cipriano Costello to second
Batting: RHB Bobby Cox 0-0: Foul Ball, location: 9LSF
0-1: Swinging Strike
0-2: Foul Ball, location: 2F
0-2: Ball
1-2: Strikes out swinging
Batting: RHB Raúl Vázquez 0-0: Grounds into fielders choice 5-2 (Groundball, 56S, EV 68.1 MPH)
Cipriano Costello to third
Ken Davis to second
Batting: RHB Joe Morgan 0-0: Ball
1-0: Ball
2-0: Called Strike
2-1: Swinging Strike
2-2: Ball
3-2: Base on Balls
Cipriano Costello scores
Ken Davis to third
Raúl Vázquez to second
Bottom of the 10th over - 1 run, 1 hit, 0 errors, 3 left on base; Lake Elsinore 0 - Fresno 1
Wednesday, May 1st , 2024 - OOTP Baseball 24.10 Build 82